Unix NetHack Version 5.0.0-0 post-release - last build Jul 19 2026 19:10:59 (3aa4ab31751d3886436d94b585a96704892fd477,branch:main).

Game began 2026-07-29 21:38:51, ended 2026-07-29 23:35:32.

Eymerich, chaotic male elven Priest

                                              ----   ----
                                               ..     ..|
                                               ..-----..|
                                               ..|](/|..|
                                               ..|(((|..|
                                        --     -.|...|..|
                                        ..     |.---|-..|
                                         .     |........|
                                         -.-----..-----.|
                                         |........-.%%|.|
                                         |--|-....|.%!|.|
                                         |...|---.-----.|
                                      |  |...|.!|.......|
                                      |.......r@M.......|
                                      - ---------..G..{.|
                                               .........|
                                              -----------

Eymerich the Adept           St:17 Dx:15 Co:16 In:11 Wi:16 Ch:8  Chaotic
Dlvl:7  $:58 HP:0(64) Pw:103(103) AC:4  Xp:8 T:11401  Stressed

Latest messages:
 You hit the gnomish wizard.
 The gnomish wizard drinks a blessed fizzy potion!
 The gnomish wizard looks much better.
 The gnomish wizard points at you, then curses.
 You hit the gnomish wizard!
 The gnomish wizard points at you, then curses.
 The air crackles around the gnomish wizard.
 You miss the gnomish wizard.
 The gnomish wizard points all around, then curses.
 The gnomish wizard points at you, then curses.
 You hit the gnomish wizard.
 The gnomish wizard points all around, then curses.
 The gnomish wizard points at you, then curses.
 You hit the gnomish wizard.
 The gnomish wizard points all around, then curses.
 The air crackles around the gnomish wizard.
 You hit the gnomish wizard!
 The gnomish wizard points all around, then curses.
 The gnomish wizard points at you, then curses.
 You kill the gnomish wizard!
 You hit the rock mole.
 The rock mole bites!
 You hit the rock mole!
 You hit the rock mole.
 The rock mole misses!
 The human mummy hits!
 The human mummy hits again!
 The human mummy hits!
 The human mummy hits again!
 What do you want to drop? [$a-zA-Z or ?*]
 You drop 33 rocks.
 The human mummy hits!
 The human mummy just misses!
 The human mummy hits!
 The human mummy hits again!
 You miss the rock mole.
 The rock mole bites!
 The human mummy hits!
 The human mummy hits again!
 The human mummy hits!
 The human mummy just misses!
 You don't have enough stamina to move.
 The rock mole bites!
 The human mummy hits!
 You die...
 Do you want your possessions identified? [ynq] (y)
 Do you want to see your attributes? [ynq] (y)
 Do you want an account of creatures vanquished? [ynaq] (y)
 Do you want to see your conduct and achievements? [ynq] (y)
 Do you want to see the dungeon overview? [ynq] (y)

Inventory:
 Coins    ('$')
  $ - 58 gold pieces
 Weapons  (')')
  A - a blessed +1 arrow
  D - 33 +0 arrows
  M - 7 blessed +2 crossbow bolts
  R - a blessed +0 bow (alternate weapon; not wielded)
  z - a +0 crossbow
  N - 21 +0 darts (at the ready)
  C - 8 +0 shuriken
  S - 4 +0 daggers
  L - a blessed +1 orcish dagger
  j - 5 +0 orcish daggers
  t - a +0 aklys (tethered to right hand)
 Armor    ('[')
  o - a blessed +1 orcish helm (being worn)
  v - a blessed burnt +1 pair of gauntlets of dexterity (being worn)
  w - a +0 pair of iron shoes
  H - a +0 pair of kicking boots (being worn)
  K - a +0 cloak of invisibility
  F - a blessed +0 dwarvish cloak
  b - a blessed +0 robe (being worn)
  Z - a +1 banded mail
 Comestibles  ('%')
  e - a clove of garlic
  c - 2 cream pies
  u - a food ration
  O - 2 oranges
  f - a sprig of wolfsbane
 Scrolls  ('?')
  y - a scroll of create monster
  J - a scroll of fire
  k - a scroll of food detection
  P - 2 scrolls of taming
  m - a scroll of teleportation
 Potions  ('!')
  s - a potion of confusion
  Y - a potion of gain energy
  U - a potion of healing
  r - a potion of object detection
  a - a cursed potion of restore ability
  d - 2 potions of holy water
  T - a potion of unholy water
 Rings    ('=')
  V - a cursed -1 ring of protection
 Wands    ('/')
  B - a wand of cold (0:2)
  Q - a wand of magic missile (0:5)
  h - a wand of striking (0:1)
 Tools    ('(')
  i - a leather drum
  q - a lock pick
  p - a blessed oil lamp
  l - a +0 pick-axe
  n - a +0 pick-axe
  g - a tin whistle
 Gems/Stones  ('*')
  X - an amethyst stone named valuable
  E - 2 dilithium crystals named soft
  I - 2 worthless pieces of yellow glass named soft
  G - 2 worthless pieces of yellowish brown glass named soft
  W - a flint stone

Eymerich the Priest's attributes:

Background:
 You were an Adept, a level 8 elven Priest.
 You were chaotic, on a mission for Kos
 who was opposed by Issek (lawful) and Mog (neutral).
 You were right-handed.
 You were in the Gnomish Mines, on level 7.
 You entered the dungeon 11401 turns ago.
 It was nighttime.
 There was a full moon in effect when your adventure ended.
 You had 1819 experience points, 741 more were needed to attain level 9.

Basics:
 You had 0 out of 64 hit points.
 You had all 103 energy points (spell power).
 Your armor class was 4.
 Your wallet contained 58 zorkmids.
 Autopickup was off.

Final Characteristics:
 Your strength was 17 (limit:18).
 Your dexterity was 15 (base:14, limit:18).
 Your constitution was 16 (limit:16).
 Your intelligence was 11 (limit:20).
 Your wisdom was 16 (limit:20).
 Your charisma was 8 (limit:18).

Final Status:
 You weren't hungry.
 You were stressed; movement was moderately slowed.
 You were wielding a club.
 You were skilled in club.

Final Attributes:
 You were piously aligned.
 You were sleep resistant.
 You were telepathic.
 You had infravision.
 You were guarded.
 Your spell casting was enhanced by wearing a robe.
 You were lucky.
 You are dead.

Miscellaneous:
 You didn't encounter any bones levels.
 Total elapsed playing time was 1 hour, 56 minutes and 35 seconds.

Major events:
 Turn
    1: Eymerich the chaotic elven Priest entered the dungeon
 1061: attained the rank of Acolyte (level 3)
 2403: entered the Gnomish Mines
 4460: attained the rank of Adept (level 6)
11216: reached Mine Town
11401: killed by a human mummy

Spells:
 Name                 Level Category     Fail Retention
 healing                1   healing        0%   26%-50%
 detect monsters        1   divination     0%   26%-50%
 jumping                1   escape         0%   51%-75%

Skills:
 Fighting Skills
   bare handed combat [Unskilled]
 Weapon Skills
   club               [Skilled]
   mace               [Basic]
   morning star       [Unskilled]
   flail              [Unskilled]
   hammer             [Unskilled]
   quarterstaff       [Unskilled]
   polearms           [Unskilled]
   spear              [Unskilled]
   trident            [Unskilled]
   lance              [Unskilled]
   bow                [Unskilled]
   sling              [Unskilled]
   crossbow           [Unskilled]
   dart               [Unskilled]
   shuriken           [Unskilled]
   boomerang          [Unskilled]
   unicorn horn       [Unskilled]
 Spellcasting Skills
   healing spells     [Unskilled]
   divination spells  [Unskilled]
   clerical spells    [Basic]

Voluntary challenges:
 Character rerolling was not enabled.
 You never genocided any monsters.
 You never polymorphed an object.
 You used no wishes.
Achievements:
 You entered a shop.
 You attained the rank of Acolyte.
 You entered the Gnomish Mines.
 You attained the rank of Adept.
 You entered Minetown.

 The Dungeons of Doom: levels 1 to 6
    Level 1:
       A fountain.
    Level 2: "vault"
       A general store.
    Level 3: "chest 13 items"
       A ring shop.
       Stairs down to The Gnomish Mines.
    Level 4:
    Level 5:
       A fountain.
    Level 6:
       A fountain.
 The Gnomish Mines: levels 4 to 7
    Level 4:
    Level 5:
    Level 7: <- You were here.
       Some shops, a fountain.
       Final resting place for
          you, killed by a human mummy.


Vanquished creatures:
  a small mimic
  a giant beetle
  a wolf
  5 leprechauns
  a brown pudding
  a dingo
  a dwarf leader
  2 fire ants
 10 Mordor orcs
  2 rock piercers
  a rock mole
  2 ponies
  a shrieker
  8 gnome leaders
  3 gnomish wizards
  2 kobold mummies
  a gray ooze
  a paper golem
  a giant ant
  5 floating eyes
  3 kittens
  8 dwarves
  2 kobold shamans
  7 hill orcs
  4 rothes
  a centipede
  4 giant bats
 an orc zombie
  4 wererats
  3 werejackals
 10 iguanas
  5 killer bees
  3 acid blobs
  8 coyotes
  4 gas spores
  3 hobbits
 19 manes
  2 large kobolds
  3 hobgoblins
  3 giant rats
  a cave spider
  2 brown molds
  7 yellow molds
  a green mold
  2 red molds
 30 gnomes
 15 geckos
 16 jackals
  a fox
  2 kobolds
  8 goblins
  a sewer rat
 10 grid bugs
  7 lichens
  a kobold zombie
 13 newts
264 creatures vanquished.

No species were genocided or became extinct.

Game over:
                       ----------
                      /          \
                     /    REST    \
                    /      IN      \
                   /     PEACE      \
                  /                  \
                  |     Eymerich     |
                  |      58 Au       |
                  |   killed by a    |
                  |   human mummy    |
                  |                  |
                  |                  |
                  |       2026       |
                 *|     *  *  *      | *
        _________)/\\_//(\/(/\)/\//\/|_)_______

Goodbye Eymerich the Priest...

You died in The Gnomish Mines on dungeon level 7 with 7659 points,
and 58 pieces of gold, after 11401 moves.
You were level 8 with a maximum of 64 hit points when you died.

